 Dungeon Crawl Stone Soup version 0.24.0-29-g8ce449bc06 (webtiles) character file.

Game seed: 13025020293591649773, levelgen mode: deterministic

3868 Mrkan the Thrower (level 9, -2/93 HPs)
             Began as a Troll Hunter on Nov 16, 2019.
             Was a Priest of Makhleb.
             Slain by a centaur warrior (11 damage)
             ... on level 8 of the Dungeon.
             The game lasted 00:13:11 (5984 turns).

Mrkan the Thrower (Troll Hunter)                    Turns: 5984, Time: 00:13:12

Health: -2/93      AC:  9    Str: 22    XL:     9   Next: 99%
Magic:  11/11      EV:  9    Int: 14    God:    Makhleb [***...]
Gold:   382        SH:  0    Dex: 10    Spells: 8/8 levels left

rFire    . . .     SeeInvis .     - Unarmed
rCold    + . .     Gourm    +   (no shield)
rNeg     . . .     Faith    .   D - +0 troll leather armour {Purgy}
rPois    .         Spirit   .   (helmet restricted)
rElec    .         Reflect  .   q - +0 cloak
rCorr    .         Harm     .   (gloves unavailable)
MR       .....                  (boots unavailable)
Stlth    +.........             k - amulet of regeneration
HPRegen  1.45/turn              b - ring of protection from cold
MPRegen  0.12/turn              A - +4 ring of intelligence

@: no status effects
A: large, unfitting armour, claws 3, fast metabolism 3, gourmand, regeneration
1, shaggy fur 1, tough skin 3
a: Minor Destruction, Lesser Servant of Makhleb, Renounce Religion


You were on level 8 of the Dungeon.
You worshipped Makhleb.
Makhleb was most pleased with you.
You were completely stuffed.

You visited 1 branch of the dungeon, and saw 8 of its levels.
You also visited: Sewer.

You collected 382 gold pieces.

Inventory:

Hand Weapons
 E - a +0 fustibalus of velocity
Missiles
 c - 5 large rocks (quivered)
 d - 2 throwing nets
 s - 8 curare-tipped darts
Armour
 q - a +0 cloak (worn)
 D - a +0 troll leather armour (worn) {Purgy}
Jewellery
 b - a ring of protection from cold (left claw)
 k - an amulet of regeneration (around neck)
 z - an uncursed ring of fire
 A - a +4 ring of intelligence (right claw)
Wands
 m - a wand of random effects (41)
 u - a wand of iceblast (10)
 w - a wand of polymorph (10)
Scrolls
 a - a scroll of enchant weapon {unknown}
 e - a scroll of remove curse
 g - a scroll of immolation
 i - 3 scrolls of fear
 j - a scroll of enchant armour {unknown}
 l - a scroll of random uselessness {unknown}
 t - a scroll of magic mapping
 v - a scroll of identify
 y - a scroll of blinking {unknown}
 C - 2 scrolls of teleportation
Potions
 h - a potion of might {unknown}
 n - 3 potions of mutation
 p - a potion of degeneration {unknown}
 r - a potion of curing {unknown}
 x - a potion of lignification {unknown}
 G - 2 potions of flight {unknown}
 H - a potion of resistance {unknown}
Miscellaneous
 F - a lightning rod (4/4)
Comestibles
 f - 16 rations


   Skills:
 + Level 7.4 Fighting
 - Level 8.0 Throwing
 - Level 1.5 Dodging
 - Level 0.3 Stealth
 + Level 6.2 Unarmed Combat
 * Level 5.0 Invocations


You had 8 spell levels left.
You didn't know any spells.
Your spell library was empty.

Dungeon Overview and Level Annotations

Branches:
Dungeon (8/15)             Temple (0/1) D:4           Sewer (visited)
   Lair: D:8-11

Altars:
Cheibriados
Fedhas
Makhleb
Uskayaw
Xom
Yredelemnul

Shops:
D:4 %

Annotations:
D:6 1 runed translucent door, DildoBatman's ghost, novice FoWz
D:7 1 runed translucent door, Bombadil's ghost, novice DsGl


Innate Abilities, Weirdness & Mutations

You are too large for most types of armour.
You have claws for hands.
Your metabolism is lightning-fast.
You like to eat raw meat.
Your natural rate of healing is unusually fast.
You are covered in fur. (AC +1)
You have extremely tough skin. (AC +3)


Message History

The centaur warrior is severely wounded.
The centaur warrior hits you!
* * * LOW HITPOINT WARNING * * *
You barely miss the centaur warrior.
The centaur warrior is severely wounded.
The centaur warrior closely misses you. x2
You scratch the centaur warrior but do no damage.
The centaur warrior is severely wounded.
The centaur warrior hits you!
* * * LOW HITPOINT WARNING * * *
You claw the centaur warrior!
The centaur warrior is almost dead.
The centaur warrior hits you!
* * * LOW HITPOINT WARNING * * *
You scratch the centaur warrior.
The centaur warrior is almost dead.
The centaur warrior hits you.
* * * LOW HITPOINT WARNING * * *
The centaur warrior hits you!
You die...

#### ###<.>#
###.#...#
###...#...#
###...⌠.#...#
###.......#...#
#<........c...+
###......@#...#
###...⌠.#...#
###...#c..#
###.#...#
###<.># ####


You could see a centaur warrior.

Vanquished Creatures
  A deep elf mage (D:8)
  Joseph (D:7)
  Prince Ribbit (D:5)
  Grinder (D:5)
  Eustachio (D:6)
  A human (D:7)
  4 hogs (D:7)
  Menkaure (D:7)
  Duvessa (D:6)
  A phantom (D:4)
  Purgy (Sewer)
  3 ogres
  3 centaurs
  A bullfrog (D:6)
  Dowan (D:6)
  A scorpion (D:4)
  A howler monkey (D:5)
  2 hounds
  2 orc priests
  An orc wizard (D:7)
  3 bullfrog skeletons
  2 jellies
  Crazy Yiuf (D:2)
  Natasha (D:4)
  3 worker ants
  A hound skeleton (D:7)
  3 gnolls (D:4)
  10 adders
  5 river rats (D:5)
  A shadow imp (D:7)
  2 oozes
  5 worms
  2 dart slugs (D:1)
  6 leopard geckos
  14 orcs
  5 ball pythons
  8 bats
  6 giant cockroaches
  9 goblins
  7 hobgoblins
  18 jackals
  11 kobolds
  3 quokkas
  7 frilled lizards
  A leopard gecko skeleton (D:4)
  A quokka skeleton (D:4)
  7 rats
  A spectral orc (D:6)
172 creatures vanquished.

Vanquished Creatures (others)
  Sigmund (D:5)
1 creature vanquished.

Grand Total: 173 creatures vanquished

Notes
Turn   | Place    | Note
-------+----------+-------------------------------------------
     0 | D:1      | Mrkan the Troll Hunter began the quest for the Orb.
     0 | D:1      | Reached XP level 1. HP: 19/19 MP: 0/0
   350 | D:1      | Reached skill level 1 in Unarmed Combat
   485 | D:1      | Reached XP level 2. HP: 27/28 MP: 1/1
   820 | D:1      | Reached XP level 3. HP: 35/35 MP: 2/2
  1200 | D:2      | Found a faded altar of an unknown god.
  1227 | D:2      | Reached XP level 4. HP: 39/44 MP: 3/3
  1241 | D:2      | Found a runed translucent door.
  1242 | D:2      | Noticed Crazy Yiuf
  1273 | D:2      | Found a shimmering altar of Xom.
  1834 | D:2      | Killed Crazy Yiuf
  1954 | D:3      | Reached XP level 5. HP: 50/52 MP: 4/4
  2123 | D:3      | Found a burning altar of Makhleb.
  2123 | D:3      | Noticed a balrug
  2270 | D:3      | Noticed a smoke demon
  2270 | D:3      | Noticed a smoke demon
  2272 | D:3      | Became a worshipper of Makhleb the Destroyer
  2545 | D:4      | Noticed a phantom
  2603 | D:4      | Killed a phantom
  2603 | D:4      | Reached skill level 5 in Unarmed Combat
  2603 | D:4      | Reached XP level 6. HP: 59/61 MP: 5/5
  2618 | D:4      | Found Kijirukk's Food Boutique.
  2694 | D:4      | Reached * piety under Makhleb
  2735 | D:4      | Reached XP level 7. HP: 60/68 MP: 6/6
  2891 | D:4      | Reached skill level 4 in Throwing
  3027 | D:4      | Noticed Natasha
  3033 | D:4      | Killed Natasha
  3042 | D:4      | Found a staircase to the Ecumenical Temple.
  3211 | D:5      | Entered Level 5 of the Dungeon
  3212 | D:5      | Noticed Grinder
  3213 | D:5      | Found a burning altar of Makhleb.
  3237 | D:5      | Killed Grinder
  3237 | D:5      | Reached skill level 5 in Throwing
  3291 | D:5      | Noticed Sigmund
  3299 | D:5      | Killed Sigmund
  3299 | D:5      | Reached XP level 8. HP: 69/79 MP: 7/7
  3325 | D:5      | Noticed Prince Ribbit
  3331 | D:5      | Killed Prince Ribbit
  3331 | D:5      | Reached skill level 5 in Fighting
  3331 | D:5      | Reached skill level 6 in Throwing
  3377 | D:5      | Found a hide-covered altar of Uskayaw.
  3377 | D:5      | Noticed a +0 dagger
  3377 | D:5      | Noticed a +0 hand axe
  3442 | D:5      | Reached ** piety under Makhleb
  3499 | D:5      | Found a glowing drain.
  3508 | Sewer    | Entered a sewer
  3607 | Sewer    | Noticed Purgy
  3618 | Sewer    | Killed Purgy
  4193 | D:6      | Reached skill level 7 in Throwing
  4241 | D:6      | Found a runed translucent door.
  4392 | D:6      | Noticed DildoBatman's ghost (novice FoWz)
  4627 | D:6      | Found a basalt altar of Yredelemnul.
  4627 | D:6      | Noticed Eustachio
  4651 | D:6      | Killed Eustachio
  4792 | D:6      | Noticed Duvessa
  4792 | D:6      | Noticed Dowan
  4803 | D:6      | Killed Duvessa
  4803 | D:6      | Reached XP level 9. HP: 89/89 MP: 8/8
  4806 | D:6      | Killed Dowan
  4864 | D:6      | Reached skill level 1 in Invocations
  4975 | D:6      | Found a snail-covered altar of Cheibriados.
  4975 | D:6      | Found a blossoming altar of Fedhas.
  5219 | D:7      | Reached skill level 8 in Throwing
  5227 | D:7      | Noticed Menkaure
  5234 | D:7      | Killed Menkaure
  5383 | D:7      | Found a runed translucent door.
  5383 | D:7      | Noticed a cyan ugly thing
  5383 | D:7      | Noticed Bombadil's ghost (novice DsGl)
  5600 | D:7      | Noticed Joseph
  5616 | D:7      | Killed Joseph
  5691 | D:7      | Reached *** piety under Makhleb
  5957 | D:8      | Noticed a centaur warrior
  5958 | D:8      | Noticed a deep elf mage
  5967 | D:8      | Killed a deep elf mage
  5967 | D:8      | Reached skill level 5 in Invocations
  5984 | D:8      | Slain by a centaur warrior

Levels and vault maps discovered:
D:1:      dpeg_arrival_three_smaller_balls, layout_basic,
          grunt_decor_resistance, minmay_misc_feat_secret_circle
D:2:      layout_basic, xom_butterflies, chequers_ecumenical_altar_simple_redux,
          small_statue_intersection, uniq_crazy_yiuf_cottage
D:3:      layout_rooms, makhleb_altar_promises_db
D:4:      layout_basic, minmay_temple_entry_statues_fountains, first_ration,
          serial_shops, shop, uniq_natasha
D:5:      layout_loops_ring, dancing_weapons_uskayaw, basic_altar,
          lightli_sewer_entry_pipes, minmay_misc_feat_doors, solitary_fountain,
          uniq_grinder, uniq_sigmund, uniq_prince_ribbit1
D:6:      layout_loops_corners, nicolae_overflow_hidden_temple,
          yredelemnul_forgotten_temple_becter, ebering_ghost_reflecting_pool,
          uniq_eustachio, uniq_duvessa
D:7:      layout_gridville, ebering_ghost_inner_flame, grunt_livestock,
          serial_bayou_pond_d, uniq_menkaure, uniq_joseph
D:8:      minmay_diamond_stairs, layout_basic, old_standard_altar,
          gammafunk_ghost_gnarly_gnolls, item_on_display_b, uniq_psyche

Skill      XL: |  1  2  3  4  5  6  7  8  9 |
---------------+----------------------------+-----
Unarmed Combat | 1 2 3 5 6 |  6.2
Fighting       | 2 3 4 5 7 |  7.4
Throwing       | 5 7 8 |  8.0
Invocations    | 5 |  5.0
Dodging        | |  1.5
Stealth        | |  0.3

Action                   |  1- 3 |  4- 6 |  7- 9 || total
-------------------------+-------+-------+-------++-------
Melee: Unarmed           |   104 |   174 |   308 ||   586
       Punch             |     1 |     1 |     6 ||     8
  Use: Scroll            |       |       |     7 ||     7
       Potion            |       |       |     2 ||     2
 Stab: Sleeping          |     1 |     1 |     1 ||     3
  Eat: Chunk             |    17 |    14 |    30 ||    61
Armor: Robe              |    32 |    96 |    56 ||   184
       Troll leather arm |       |       |    88 ||    88
Dodge: Dodged            |    58 |   143 |   172 ||   373
